 Dungeon Crawl Stone Soup version 0.27-a0-819-g058290f16d (webtiles) character file.

Game seed: 15724014510521796995

125 pepper333 the Skirmisher (level 4, -2/37 HPs)
             Began as a Demonspawn Abyssal Knight on Dec 11, 2020.
             Was a Believer of Lugonu.
             Slain by an orc priest
             ... wielding a +0 dagger
              (5 damage)
             ... on level 2 of the Dungeon on Mar 29, 2021.
             The game lasted 00:09:36 (4551 turns).

pepper333 the Skirmisher (DsAK)                     Turns: 4551, Time: 00:09:37

Health: -2/37      AC:  3    Str: 12    XL:     4   Next: 82%
Magic:  5/5        EV: 11    Int: 14    God:    Lugonu [**....]
Gold:   59         SH:  0    Dex: 13    Spells: 3/3 levels left

rFire    . . .     SeeInvis .   a - +1 short sword
rCold    . . .     Faith    .   (no shield)
rNeg     . . .     Spirit   .   b - +0 leather armour
rPois    .         Reflect  .   (helmet restricted)
rElec    .         Harm     .   (no cloak)
rCorr    .         Rampage  .   (no gloves)
Will     .....                  (no boots)
Stlth    +.........             (no amulet)
HPRegen  0.12/turn              (no ring)
MPRegen  0.09/turn              (no ring)

@: no status effects
A: antennae 1, talons 2
a: Renounce Religion, Depart the Abyss, Bend Space


You were on level 2 of the Dungeon.
You worshipped Lugonu.
Lugonu was pleased with you.
You visited 1 branch of the dungeon, and saw 3 of its levels.
You visited the Abyss 1 time.

You collected 59 gold pieces.

Inventory:

Hand Weapons
 a - a +1 short sword (weapon)
 l - a +0 dagger of venom
Armour
 b - a +0 leather armour (worn)
Scrolls
 d - a scroll of removedness
 h - 2 scrolls of removedness
 i - a scroll of identify {unknown}
 m - a scroll of amnesia {unknown}
Potions
 c - 2 potions of curing {unknown}
 e - 2 potions of mutation {unknown}
 f - a potion of might {unknown}
 g - a potion of cancellation {unknown}
 j - 2 potions of attraction {unknown}
 k - a potion of berserk rage {unknown}


   Skills:
 + Level 4.1 Fighting
 + Level 3.0 Short Blades
 + Level 2.5 Armour
 + Level 1.3 Dodging
 + Level 0.2 Stealth
 + Level 2.5 Invocations


You had 3 spell levels left.
You didn't know any spells.
Your spell library was empty.

Dungeon Overview and Level Annotations

Branches:
Dungeon (3/15)

Altars:
Cheibriados
Gozag
Nemelex Xobeh
Ru
Xom
Yredelemnul
The Shining One


Innate Abilities, Weirdness & Mutations

You have a pair of small antennae on your head.
You have razor-sharp toenails.


Message History

The ball python closely misses you.
The orc priest begins to cast a cantrip, but forgets the words!
The ball python closely misses you. The ball python misses you.
There is a stone staircase leading up here.
You closely miss the ball python. The ball python bites you.
The ball python grabs you. The ball python constricts you.
You closely miss the ball python. Your kick misses the ball python.
The ball python bites you. The ball python constricts you.
You closely miss the ball python. Your kick misses the ball python.
The ball python bites you. The ball python constricts you.
The orc wizard hits you with a +0 dagger.
You hit the ball python.
The ball python is severely wounded.
The ball python bites you but does no damage.
The ball python constricts you.
The orc priest hits you with a +0 dagger.
The orc wizard hits you but does no damage.
You hit the ball python but do no damage.
You claw the ball python.
You kill the ball python!
Lugonu accepts your kill.
The orc priest mumbles some strange prayers to Beogh against you.
Beogh smites you!
The orc wizard hits you with a +0 dagger.
* * * LOW HITPOINT WARNING * * *
The endoplasm barely misses you.
You can't go down here!
The orc priest hits you with a +0 dagger.
* * * LOW HITPOINT WARNING * * *
The orc wizard hits you with a +0 dagger.
* * * LOW HITPOINT WARNING * * *
The endoplasm freezes you.
You are frozen.
* * * LOW HITPOINT WARNING * * *
You climb upwards.
There is a stone staircase leading down here.
Unknown command.
You can't go up here!
The orc priest hits you with a +0 dagger.
You die...

#.##.......# #.#.##.#####
#.##.......# #.#.##.#
#.##.......# #...##.#
###.###.###### #.####.# #
#.......# #.†.########
#.#<##..# #.###_......
#.#.....###### #.# ###.....
## #.#.......o..#
#.#######... .#
#.##....##@#.###.......###.
.##
#........)oJ..[..#######...
#.########.#.##..#.###.#
###..... .......#
#.#.##..#.# #.# #_......
.###.#.# #.........#
#.########## .###.#.#
#####...### #.......#..#
.##..#.# #...# #####.#.##.#
.##.##.# #...#
######....... .##.##.#
#...####...........#


You could see an orc priest, an orc wizard and an endoplasm.

Vanquished Creatures
  3 endoplasms
  An adder (D:1)
  3 worms (D:2)
  8 dart slugs
  5 orcs
  A removed leopard gecko (D:1)
  A ball python (D:3)
  A ghost (D:1)
  2 giant cockroaches
  5 goblins (D:1)
  4 hobgoblins
  5 jackals (D:1)
  6 bats
  3 frilled lizards
  13 kobolds
  6 rats
67 creatures vanquished.

Vanquished Creatures (others)
  An orc (D:3)
  A fungus (D:2)
  2 plants (D:2)
4 creatures vanquished.

Grand Total: 71 creatures vanquished

Notes
Turn   | Place    | Note
-------+----------+-------------------------------------------
     0 | Abyss:1  | pepper333 the Demonspawn Abyssal Knight began the quest for
                  | the Orb.
     0 | Abyss:1  | Reached XP level 1. HP: 18/18 MP: 2/2
    61 | Abyss:1  | Noticed a large abomination
    62 | D:1      | Escaped the Abyss
   429 | D:1      | Gained mutation: You have sharp toenails. [demonic
                  | ancestry]
   429 | D:1      | Reached XP level 2. HP: 19/24 MP: 3/3
   461 | D:1      | Upgraded the game from 0.26-a0-1040-gbe3abf3417 to
                  | 0.27-a0-819-g058290f16d
   643 | D:1      | Reached skill level 1 in Dodging
   677 | D:1      | Reached * piety under Lugonu
  1051 | D:1      | Gained mutation: You have razor-sharp toenails. [demonic
                  | ancestry]
  1051 | D:1      | Reached XP level 3. HP: 24/30 MP: 4/4
  1300 | D:1      | Reached skill level 4 in Fighting
  1639 | D:2      | Gained mutation: You have a pair of small antennae on your
                  | head. [demonic ancestry]
  1639 | D:2      | Reached XP level 4. HP: 31/37 MP: 5/5
  1911 | D:2      | Found an opulent altar of Gozag.
  1914 | D:2      | Found a sparkling altar of Nemelex Xobeh.
  1937 | D:2      | Found a shimmering altar of Xom.
  1956 | D:2      | Found a snail-covered altar of Cheibriados.
  2046 | D:2      | Found a sacrificial altar of Ru.
  2306 | D:2      | Reached ** piety under Lugonu
  2582 | D:2      | Found a basalt altar of Yredelemnul.
  4551 | D:2      | Slain by an orc priest

Illustrated notes

Levels and vault maps discovered:
D:1:      tarquinn_simple_flora_water_a, layout_basic
D:2:      layout_loops_cross, minmay_overflow_temple_star_hex,
          general_overflow_altar, nicolae_ru_the_path_less_chosen
D:3:      kennysheep_slugbush, layout_basic, nicolae_overflow_crystal_walls,
          minmay_crystal_water, uniq_jessica

Skill      XL: |  1  2  3  4 |
---------------+-------------+-----
Dodging        | 1 |  1.3
Armour         | 2 |  2.5
Short Blades   | 2 3 |  3.0
Fighting       | 4 |  4.1
Stealth        | |  0.2
Invocations    | |  2.5

Action                   |  1- 3 |  4- 6 || total
-------------------------+-------+-------++-------
Melee: Short sword       |    96 |   111 ||   207
       Kick              |    21 |    34 ||    55
Invok: Depart the Abyss  |     1 |       ||     1
Armor: Leather armour    |    41 |    35 ||    76
Dodge: Dodged            |    67 |   101 ||   168

Table legend: (Time is in decaauts)
 A = Elapsed time spent in this place.
 B = Non-inter-level travel time spent in this place.
 C = Inter-level travel time spent in this place.
 D = Time resting spent in this place.
 E = Time spent auto-exploring this place.
 F = Levels seen in this place.
 G = Mean time per level.
                   A        B        C        D        E       F      G
               +--------+--------+--------+--------+--------+-----+--------+
         Total |   4572 |   4381 |    191 |   1557 |   1851 |   4 | 1143.0 |
       Dungeon |   4510 |   4319 |    191 |   1557 |   1791 |   3 | 1503.3 |
         Abyss |     62 |     62 |      0 |      0 |     60 |   1 |   62.0 |
               +--------+--------+--------+--------+--------+-----+--------+

Top non-repeatable levels by time:
     D:2: 2874 daAuts
     D:1: 1494 daAuts
     D:3: 141 daAuts
 Abyss:1: 62 daAuts
